cohdb
Replays
Latest Replays
All Replays
Popular Replays
Top Player Replays
Match Explorer
How It Works
Community
CoH3 Stats
Reddit
Sign in to upload your games and track your stats! →
Sign in with Steam
Match 42121041
Unlisted
Match 42121041
Overview
Messages
Build Orders
End
Construct Barracks
Riflemen Squad
Riflemen Squad
Riflemen Squad
Grenade Package
Construct Medical Station
Infantry Support Center
Construct Weapon Support Center
Bazooka Squad
M1 Mortar Team
M1918 Browning Automatic Rifles
Bazooka Squad
Selects Heavy Weapons
Selects Assault Carriers
Selects Exchangeable Parts
Improved M9 Bazooka Rockets
M1919 Machine Gun Team
Construct Motor Pool
M1 Anti-tank Gun Team
SMOKO
Zo͞olo͞oKōbrə
CAuMOH
Kitsuné
0
0
Comments
sign in to comment!
No comments posted yet!